[Event "XXIX Cracovia 2018"]
[Site "Krakow"]
[Date "2019.01.03"]
[Round "8"]
[White "Rysaev, Danial"]
[Black "Nikitin, Aleksander I"]
[Result "1-0"]
[ECO "A85"]
[WhiteElo "1945"]
[BlackElo "2031"]
[Annotator "NA"]
[PlyCount "67"]
[EventDate "2018.12.27"]
[EventType "swiss"]
[EventCountry "POL"]
[SourceTitle "playchess.com"]
[Source "ChessBase"]
[SourceQuality "1"]
[TimeControl "40/5400+30:1800+30"]

1. d4 f5 2. c4 Nf6 3. Nc3 d6 4. Nf3 c6 5. g3 Qc7 6. d5 e5 7. dxe6 Bxe6 8. b3 g6 9. Bg2 Na6 10. O-O Bg7 11. Bf4 Rd8 12. Nd4 Qc8 13. e4 fxe4 14. Nxe4 Nxe4 15. Bxe4 Bh3 16. Bg2 O-O 17. Re1 Bxg2 18. Kxg2 Rde8 19. Rxe8 Qxe8 20. Rc1 Qe4+ 21. Nf3 d5 22. cxd5 cxd5 23. Kg1 h6 24. h4 Nb4 25. Nd2 Qf5 26. Nf1 Nd3 27. Rc7 g5 28. hxg5 hxg5 29. Ne3 Qg6 30. Nxd5 Re8 31. Be3 Qe4 32. Qh5 Qe6 33. Qxg5 Ne5 34. Qxg7# 1-0

[Event "XXIX Cracovia 2018"]
[Site "Krakow"]
[Date "2019.01.04"]
[Round "9"]
[White "Jarmula, Lukasz"]
[Black "Chomczyk, Marek"]
[Result "1-0"]
[ECO "D35"]
[WhiteElo "2481"]
[BlackElo "2294"]
[Annotator "ChessBase"]
[PlyCount "59"]
[EventDate "2018.12.27"]
[EventType "swiss"]
[EventCountry "POL"]
[SourceTitle "playchess.com"]
[Source "ChessBase"]
[SourceQuality "1"]
[TimeControl "40/5400+30:1800+30"]

1. d4 Nf6 2. c4 e6 3. Nc3 d5 4. cxd5 exd5 5. Bg5 Be7 6. e3 O-O 7. Bd3 c6 8. Qc2 Nbd7 9. Nge2 Re8 10. O-O Nf8 11. f3 Ne6 12. Bxf6 Bxf6 13. Bxh7+ Kh8 14. Bd3 c5 15. Bb5 Bd7 16. Bxd7 Qxd7 17. dxc5 Qc6 18. Rad1 Qxc5 19. Rxd5 Qxe3+ 20. Kh1 g6 21. Rd7 Kg7 22. Nd5 Qc5 23. Qb3 Be5 24. f4 Rad8 25. Rxb7 Bb8 26. f5 Rh8 27. f6+ Kg8 28. Rxb8 Rxh2+ 29. Kxh2 Qd6+ 30. Qg3 1-0

[Event "XXIX Cracovia 2018"]
[Site "Krakow"]
[Date "2019.01.04"]
[Round "9"]
[White "Janik, Igor"]
[Black "Lewicki, Miroslaw"]
[Result "1-0"]
[ECO "E06"]
[WhiteElo "2476"]
[BlackElo "2347"]
[Annotator "ChessBase"]
[PlyCount "83"]
[EventDate "2018.12.27"]
[EventType "swiss"]
[EventCountry "POL"]
[SourceTitle "playchess.com"]
[Source "ChessBase"]
[SourceQuality "1"]
[TimeControl "40/5400+30:1800+30"]

1. d4 Nf6 2. c4 e6 3. g3 d5 4. Nf3 Be7 5. Bg2 O-O 6. O-O b6 7. cxd5 exd5 8. Nc3 Bb7 9. Bf4 Nbd7 10. Rc1 c5 11. Qc2 Rc8 12. Rfd1 Ne4 13. Qb1 Nxc3 14. Rxc3 c4 15. Bh3 b5 16. Ne5 Nxe5 17. Bxc8 Qxc8 18. Bxe5 g5 19. g4 Qxg4+ 20. Rg3 Qh5 21. f4 f6 22. Bc7 h6 23. Qf5 Qf7 24. fxg5 hxg5 25. Qd7 Bc8 26. Qxb5 Qe6 27. Qa5 Qc6 28. Qxa7 Bf5 29. Qb6 Qd7 30. h4 g4 31. Rf1 Kf7 32. Re3 Be4 33. Bg3 f5 34. b3 Qe6 35. Qa7 Rc8 36. bxc4 Rxc4 37. Rb3 Bc2 38. Rb7 Rc3 39. Be5 Re3 40. Rb6 Qc8 41. Rf6+ Ke8 42. Rh6 1-0

[Event "XXIX Cracovia 2018"]
[Site "Krakow"]
[Date "2019.01.04"]
[Round "9"]
[White "Tomczak, Mikolaj"]
[Black "Piotrowski, Przemyslaw"]
[Result "1/2-1/2"]
[ECO "B59"]
[WhiteElo "2442"]
[BlackElo "2269"]
[Annotator "ChessBase"]
[PlyCount "23"]
[EventDate "2018.12.27"]
[EventType "swiss"]
[EventCountry "POL"]
[SourceTitle "playchess.com"]
[Source "ChessBase"]
[SourceQuality "1"]
[TimeControl "40/5400+30:1800+30"]

1. e4 c5 2. Nf3 Nc6 3. d4 cxd4 4. Nxd4 Nf6 5. Nc3 d6 6. Be2 e5 7. Nb3 Be7 8. O-O O-O 9. Be3 a5 10. Nd2 Be6 11. Nc4 b5 12. Nb6 1/2-1/2

[Event "XXIX Cracovia 2018"]
[Site "Krakow"]
[Date "2019.01.04"]
[Round "9"]
[White "Hnydiuk, Aleksander"]
[Black "Cukrowski, Filip"]
[Result "1/2-1/2"]
[ECO "A40"]
[WhiteElo "2409"]
[BlackElo "2416"]
[Annotator "NA"]
[PlyCount "135"]
[EventDate "2018.12.27"]
[EventType "swiss"]
[EventCountry "POL"]
[SourceTitle "playchess.com"]
[Source "ChessBase"]
[SourceQuality "1"]
[TimeControl "40/5400+30:1800+30"]

1. d4 Nf6 2. c4 e6 3. g3 b6 4. Bg2 d5 5. Nf3 Ba6 6. cxd5 exd5 {[%emt 0:00:11] LiveBook: 3 Games} 7. O-O Be7 $14 8. Nc3 O-O 9. Ne5 Bb7 10. Qa4 c6 11. Rd1 b5 12. Qc2 Nbd7 13. Bf4 Re8 14. Nxd7 Qxd7 15. Bg5 Rad8 16. e3 a5 17. Bxf6 Bxf6 18. Ne2 Ba6 19. Nf4 b4 20. Rac1 Bb5 21. Bf1 Bxf1 22. Kxf1 Rc8 23. Qa4 Be7 24. Kg2 Qb7 25. Rc2 Bd6 26. Nd3 Re7 27. Rdc1 Rec7 28. a3 bxa3 29. bxa3 Qb5 30. Qxb5 cxb5 31. Rxc7 Rxc7 32. Rb1 b4 33. axb4 axb4 34. Kf3 f6 35. Nc5 Bxc5 36. dxc5 Rxc5 37. Rxb4 Kf7 38. Rb7+ Kg6 39. g4 h5 40. gxh5+ Kh6 41. Rd7 Ra5 42. h3 Rb5 43. Kg4 Ra5 44. Rd8 Kh7 45. f4 Rb5 46. Kf3 Ra5 47. Ke2 d4 48. exd4 Rxh5 49. d5 Kg6 50. d6 Kf7 51. Rd7+ Ke6 52. Rxg7 Kxd6 53. Kf3 Rxh3+ 54. Kg4 Rh1 55. Kf5 Rf1 56. Ra7 Rf2 57. Rh7 Rf1 58. Rg7 Rf2 59. Rb7 Rf1 60. Ra7 Rf2 61. Rf7 Rf1 62. Rxf6+ Ke7 63. Ra6 Kf7 64. Ra7+ Kf8 65. Kg5 Rb1 66. f5 Rb6 67. f6 Rb1 68. Ra8+ 1/2-1/2

[Event "XXIX Cracovia 2018"]
[Site "Krakow"]
[Date "2019.01.04"]
[Round "9"]
[White "Molenda, Marcin"]
[Black "Reza, Wojciech"]
[Result "1-0"]
[ECO "A46"]
[WhiteElo "2383"]
[BlackElo "2287"]
[Annotator "NA"]
[PlyCount "73"]
[EventDate "2018.12.27"]
[EventType "swiss"]
[EventCountry "POL"]
[SourceTitle "playchess.com"]
[Source "ChessBase"]
[SourceQuality "1"]
[TimeControl "40/5400+30:1800+30"]

1. d4 Nf6 2. Nf3 c5 3. g3 b6 4. Bg2 Bb7 5. O-O g6 6. c4 cxd4 7. b3 Bg7 8. Bb2 O-O 9. Qxd4 $11 {[%emt 0:16:13] LiveBook: 155 Games} Ne8 10. Qd2 Na6 11. Bxg7 Nxg7 12. Nc3 d6 13. e4 Nc7 14. Qh6 f6 15. Rad1 e5 16. Qd2 Nge8 17. Ne1 Qe7 18. Qb2 Ne6 19. Nc2 N8c7 20. Rd2 Rad8 21. Rfd1 f5 22. Qa3 fxe4 23. Nxe4 Bxe4 24. Bxe4 Nc5 25. Bg2 a5 26. Qb2 Qf6 27. Ne3 h5 28. a3 e4 29. Qxf6 Rxf6 30. b4 axb4 31. axb4 Nd3 32. Bxe4 Nxb4 33. Rb1 Nba6 34. Rxb6 Nc5 35. Bc2 g5 36. Rc6 N7a6 37. Rd5 1-0

[Event "XXIX Cracovia 2018"]
[Site "Krakow"]
[Date "2019.01.04"]
[Round "9"]
[White "Paszewski, Mateusz"]
[Black "Dzierzak, Radoslaw"]
[Result "1-0"]
[ECO "B13"]
[WhiteElo "2342"]
[BlackElo "2283"]
[Annotator "NA"]
[PlyCount "121"]
[EventDate "2018.12.27"]
[EventType "swiss"]
[EventCountry "POL"]
[SourceTitle "playchess.com"]
[Source "ChessBase"]
[SourceQuality "1"]
[TimeControl "40/5400+30:1800+30"]

1. e4 c6 2. d4 d5 3. exd5 cxd5 4. Bd3 Nc6 5. c3 Qc7 6. h3 e5 7. dxe5 Nxe5 8. Bc2 Nf6 9. Nf3 Be7 10. O-O O-O 11. Nbd2 Rd8 12. Nxe5 Qxe5 13. Nf3 Qh5 14. Nd4 Qh4 15. Nf3 Qh5 16. Nd4 Qh4 17. Re1 Bc5 18. Be3 Ne4 19. Nf3 Qf6 20. Bxc5 Nxc5 21. Qxd5 Ne6 22. Qe4 g6 23. Rad1 Bd7 24. Ne5 Nc5 25. Qe3 b6 26. Nxd7 Nxd7 27. Qd4 Qxd4 28. Rxd4 Nc5 29. Re7 Kf8 30. Rxd8+ Rxd8 31. Rxa7 Rd2 32. Bb3 Nxb3 33. axb3 Rxb2 34. b4 Rc2 35. Rc7 h5 36. b5 h4 37. Kf1 g5 38. Rc6 Ke7 39. c4 Kd7 40. Ke1 Kd8 41. Kf1 Kd7 42. Rxb6 Rxc4 43. Rh6 Rb4 44. b6 Ke7 45. Ke2 Rb2+ 46. Kf3 Kf8 47. g3 Kg7 48. Rc6 Rb4 49. Rd6 Kh7 50. Ke3 Rb3+ 51. Ke4 hxg3 52. fxg3 Kg7 53. g4 Rxh3 54. Rd3 Rh8 55. b7 Rb8 56. Rb3 Kg6 57. Rb6+ f6 58. Kd5 Kf7 59. Kd6 f5 60. gxf5 g4 61. Kc7 1-0

[Event "XXIX Cracovia 2018"]
[Site "Krakow"]
[Date "2019.01.04"]
[Round "9"]
[White "Colijn, Stefan"]
[Black "Marszalek, Maciej"]
[Result "1/2-1/2"]
[ECO "A05"]
[WhiteElo "2331"]
[BlackElo "2280"]
[Annotator "NA"]
[PlyCount "131"]
[EventDate "2018.12.27"]
[EventType "swiss"]
[EventCountry "POL"]
[SourceTitle "playchess.com"]
[Source "ChessBase"]
[SourceQuality "1"]
[TimeControl "40/5400+30:1800+30"]

1. Nf3 Nf6 2. g3 g6 3. Bg2 Bg7 4. O-O O-O 5. c4 c6 6. d4 d5 7. Ne5 dxc4 8. Nxc4 Be6 9. b3 Bd5 10. f3 c5 11. Bb2 cxd4 12. Ne5 Nc6 (12... Nfd7 $17 13. Nd3 Nc6) 13. Nxc6 $15 Bxc6 14. Qxd4 Qxd4+ 15. Bxd4 Rfd8 16. Be5 Nd5 17. Bxg7 Kxg7 18. Kf2 a5 19. a3 e5 20. Ra2 Nb6 21. Rc1 Rd6 22. Rd2 Rxd2 23. Nxd2 Rd8 24. Rc2 f5 25. e3 Kf6 26. Bf1 h6 27. e4 g5 28. exf5 Kxf5 29. b4 axb4 30. axb4 Ba4 31. Ra2 Rd4 32. Rb2 Kg6 33. Ne4 Bc6 34. Nc5 Na4 35. Nxa4 Bxa4 36. b5 Kf6 37. Ke3 Ke6 38. Bd3 Kd6 39. h4 gxh4 40. g4 Kc5 41. Rh2 Bd1 42. Be4 Rb4 43. Rxh4 Rb3+ 44. Kf2 Rxb5 45. Rxh6 Rb2+ 46. Kg3 Rb6 47. g5 Bb3 48. Rxb6 Kxb6 49. Kg4 Be6+ 50. Kh5 Kc7 51. g6 b5 52. g7 Kd6 53. Bh7 Kd5 54. g8=Q Bxg8 55. Bxg8+ Kd4 56. Bh7 Ke3 57. Kg4 b4 58. Bc2 Kd2 59. Bb3 Ke3 60. Kg3 e4 61. f4 Kd2 62. Bc4 e3 63. f5 b3 64. f6 b2 65. f7 e2 66. Bxe2 1/2-1/2

[Event "XXIX Cracovia 2018"]
[Site "Krakow"]
[Date "2019.01.04"]
[Round "9"]
[White "Godzwon, Iwo"]
[Black "Strybuk, Artsiom I"]
[Result "1/2-1/2"]
[ECO "A57"]
[WhiteElo "2323"]
[BlackElo "2172"]
[Annotator "NA"]
[PlyCount "77"]
[EventDate "2018.12.27"]
[EventType "swiss"]
[EventCountry "POL"]
[SourceTitle "playchess.com"]
[Source "ChessBase"]
[SourceQuality "1"]
[TimeControl "40/5400+30:1800+30"]

1. d4 Nf6 2. c4 c5 3. d5 b5 4. cxb5 a6 5. e3 axb5 6. Bxb5 Bb7 7. Nc3 Qa5 8. Bd2 Qb6 9. a4 Nxd5 10. Nf3 Nb4 11. e4 e6 12. O-O N8c6 13. Bf4 Be7 14. Bd6 Qd8 15. Ne5 Bxd6 16. Qxd6 Qe7 17. Nc4 Ba6 18. Qd2 $11 O-O 19. Bxa6 Rxa6 20. Nb5 Nd4 21. Nxd4 cxd4 22. b3 Rb8 23. Ne5 Raa8 24. Rfc1 Qd6 25. Nc4 Qc5 26. a5 Qb5 27. Qxd4 d5 28. Nd6 Qd7 29. e5 Nc6 30. Qc3 Ra6 31. b4 Rxb4 32. Rab1 Rxb1 33. Rxb1 g6 34. Rb7 Qd8 35. Nxf7 Qxa5 36. Nh6+ Kh8 37. Nf7+ Kg8 38. Nh6+ Kh8 39. Qc1 1/2-1/2

[Event "XXIX Cracovia 2018"]
[Site "Krakow"]
[Date "2019.01.04"]
[Round "9"]
[White "Nowicki, Bartosz"]
[Black "Schreiner, Peter"]
[Result "1-0"]
[ECO "C77"]
[WhiteElo "2305"]
[BlackElo "2479"]
[Annotator "ChessBase"]
[PlyCount "85"]
[EventDate "2018.12.27"]
[EventType "swiss"]
[EventCountry "POL"]
[SourceTitle "playchess.com"]
[Source "ChessBase"]
[SourceQuality "1"]
[TimeControl "40/5400+30:1800+30"]

1. e4 e5 2. Nf3 Nc6 3. Bb5 a6 4. Ba4 Nf6 5. d3 d6 6. c3 g6 7. O-O Bg7 8. h3 O-O 9. Be3 b5 10. Bc2 Bb7 11. Nbd2 Re8 12. b4 Nd7 13. a4 Nf8 14. Bb3 Ne6 15. Bd5 Qc8 16. Nb3 Ne7 17. Bxb7 Qxb7 18. Na5 Qc8 19. Qb3 Qd7 20. d4 exd4 21. cxd4 d5 22. e5 Nc8 23. Nb7 Nb6 24. a5 Nc4 25. Nh2 Rab8 26. Nc5 Nxc5 27. bxc5 f6 28. f4 b4 29. Bc1 f5 30. Ra4 Qb5 31. Rf2 Nxa5 32. Qxd5+ Kh8 33. Rxa5 Qxa5 34. Bb2 Qb5 35. Nf3 c6 36. Qb3 a5 37. Ng5 Re7 38. Nf7+ Rxf7 39. Qxf7 a4 40. e6 Qb7 41. e7 Qc8 42. d5 Bxb2 43. d6 1-0

[Event "XXIX Cracovia 2018"]
[Site "Krakow"]
[Date "2019.01.04"]
[Round "9"]
[White "Zylka, Stanislaw"]
[Black "Kozak, Antoni"]
[Result "0-1"]
[ECO "E43"]
[WhiteElo "2305"]
[BlackElo "2236"]
[Annotator "NA"]
[PlyCount "72"]
[EventDate "2018.12.27"]
[EventType "swiss"]
[EventCountry "POL"]
[SourceTitle "playchess.com"]
[Source "ChessBase"]
[SourceQuality "1"]
[TimeControl "40/5400+30:1800+30"]

1. d4 Nf6 2. c4 e6 3. Nc3 Bb4 4. e3 b6 5. Bd3 Bb7 6. Nf3 O-O 7. O-O d5 8. cxd5 exd5 9. Qc2 a6 10. Ne5 Nbd7 11. f4 c5 12. a3 Ba5 13. Ne2 Rc8 $14 (13... c4 $11 14. Bf5 g6 15. Bxd7 Nxd7) 14. Qb1 c4 15. Bf5 g6 16. Bh3 Rc7 17. Ng3 Qe7 18. Qc2 Nb8 19. f5 Nc6 20. Kh1 Nxe5 21. dxe5 Ne4 22. Nxe4 dxe4 23. Bd2 Bxd2 24. Qxd2 Qxe5 25. Rad1 Bc8 26. Qe1 Rc6 27. Qh4 gxf5 28. Rf2 c3 29. bxc3 Qxc3 30. Bxf5 Bxf5 31. Rxf5 Qxe3 32. Re5 Qxa3 33. Qxe4 Rg6 34. h4 Qg3 35. Rd3 Qg4 36. Qe1 Qxg2# 0-1

[Event "XXIX Cracovia 2018"]
[Site "Krakow"]
[Date "2019.01.04"]
[Round "9"]
[White "Belous, Mikhail"]
[Black "Shyam Prasad Reddy K"]
[Result "1-0"]
[ECO "D70"]
[WhiteElo "2299"]
[BlackElo "2137"]
[Annotator "NA"]
[PlyCount "55"]
[EventDate "2018.12.27"]
[EventType "swiss"]
[EventCountry "POL"]
[SourceTitle "playchess.com"]
[Source "ChessBase"]
[SourceQuality "1"]
[TimeControl "40/5400+30:1800+30"]

1. d4 Nf6 2. c4 g6 3. f3 d5 4. cxd5 Nxd5 5. e4 Nb6 6. Nc3 Bg7 7. Be3 O-O 8. Qd2 Nc6 9. O-O-O Qd6 10. Kb1 Rd8 11. Nb5 Qd7 12. d5 a6 13. Nc3 Qe8 14. Qc1 Na5 15. Nge2 e6 16. Bg5 Rd7 17. h4 (17. dxe6 $14 {keeps the upper hand.} fxe6 18. h4) 17... exd5 $17 18. exd5 Qe5 19. Nf4 Rd6 20. Re1 Bf5+ 21. Ka1 Qd4 22. g4 Na4 23. Nfe2 Qb4 24. gxf5 Rb6 25. Nxa4 Qxa4 26. Nc3 Qd7 27. f6 Bf8 28. h5 1-0

[Event "XXIX Cracovia 2018"]
[Site "Krakow"]
[Date "2019.01.04"]
[Round "9"]
[White "Lee, Qing Aun"]
[Black "Goumas, Georgios"]
[Result "0-1"]
[ECO "B35"]
[WhiteElo "2297"]
[BlackElo "2378"]
[Annotator "NA"]
[PlyCount "86"]
[EventDate "2018.12.27"]
[EventType "swiss"]
[EventCountry "POL"]
[SourceTitle "playchess.com"]
[Source "ChessBase"]
[SourceQuality "1"]
[TimeControl "40/5400+30:1800+30"]

1. e4 c5 2. Nf3 Nc6 3. d4 cxd4 4. Nxd4 g6 5. Nc3 Bg7 6. Be3 Nf6 7. Bc4 O-O 8. Bb3 Re8 9. O-O d6 10. f3 Na5 11. Qd2 b6 12. Rad1 Bb7 13. Rfe1 Nxb3 14. axb3 a6 15. Qf2 Nd7 16. Nde2 b5 17. Bd4 Rc8 18. Bxg7 Kxg7 19. Nf4 Qb6 20. Re3 Nf6 21. Rd2 e5 22. Nfe2 b4 23. Na4 Qc7 24. c4 bxc3 25. Rxc3 Qb8 26. Nb6 Rcd8 27. Rcd3 Bxe4 28. fxe4 Ng4 29. Qg3 Qxb6+ 30. Kf1 Nf6 31. Nc3 Qxb3 32. Qh4 Qe6 33. Rf3 Rd7 34. Rdf2 Ng4 35. Nd5 Nxf2 36. Nf6 h6 37. Kxf2 Rb8 38. Nxd7 Rxb2+ 39. Kg3 Qxd7 40. Qf6+ Kg8 41. Rd3 Qc6 42. Qd8+ Kg7 43. Rxd6 Rb3+ 0-1

[Event "XXIX Cracovia 2018"]
[Site "Krakow"]
[Date "2019.01.04"]
[Round "9"]
[White "Kulkarni Bhakti"]
[Black "Golubka, Petro"]
[Result "1/2-1/2"]
[ECO "B22"]
[WhiteElo "2283"]
[BlackElo "2464"]
[Annotator "ChessBase"]
[PlyCount "80"]
[EventDate "2018.12.27"]
[EventType "swiss"]
[EventCountry "POL"]
[SourceTitle "playchess.com"]
[Source "ChessBase"]
[SourceQuality "1"]
[TimeControl "40/5400+30:1800+30"]

1. e4 c5 2. c3 e5 3. Nf3 Nc6 4. d4 cxd4 5. cxd4 exd4 6. Nxd4 Nf6 7. Nc3 Bb4 8. Nxc6 dxc6 9. Qxd8+ Kxd8 10. f3 Be6 11. Be3 Nd7 12. Be2 Ke7 13. O-O f6 14. Rfd1 Nb6 15. Rd4 Bc5 16. Rd3 Bxe3+ 17. Rxe3 g5 18. b3 h5 19. Rd1 Rhd8 20. Red3 Rxd3 21. Bxd3 a5 22. Bc2 Nd7 23. Kf2 h4 24. Ke3 b5 25. Ne2 Ne5 26. Nd4 Bd7 27. Nf5+ Bxf5 28. exf5 b4 29. Rd4 c5 30. Rd5 c4 31. bxc4 Nxc4+ 32. Kd4 Ne5 33. Ba4 Rd8 34. Rxd8 Kxd8 35. Kc5 Ke7 36. Bb5 h3 37. gxh3 Nxf3 38. Bd3 Ne5 39. Bb5 Nf7 40. Ba4 Ne5 1/2-1/2

[Event "XXIX Cracovia 2018"]
[Site "Krakow"]
[Date "2019.01.04"]
[Round "9"]
[White "Chylewski, Patryk"]
[Black "Zakrzewski, Marek"]
[Result "1/2-1/2"]
[ECO "B47"]
[WhiteElo "2268"]
[BlackElo "2311"]
[Annotator "NA"]
[PlyCount "36"]
[EventDate "2018.12.27"]
[EventType "swiss"]
[EventCountry "POL"]
[SourceTitle "playchess.com"]
[Source "ChessBase"]
[SourceQuality "1"]
[TimeControl "40/5400+30:1800+30"]

1. e4 c5 2. Nf3 e6 3. d4 cxd4 4. Nxd4 Nc6 5. Nc3 Qc7 6. g3 a6 7. Bg2 Nf6 8. O-O Nxd4 9. Qxd4 Bc5 10. Bf4 d6 11. Qd2 h6 12. Rad1 e5 13. Be3 Be6 14. Bxc5 dxc5 15. Nd5 Bxd5 16. exd5 Qd6 17. Rfe1 O-O 18. c4 Rfe8 1/2-1/2

[Event "XXIX Cracovia 2018"]
[Site "Krakow"]
[Date "2019.01.04"]
[Round "9"]
[White "Jaskolka, Tomasz"]
[Black "Heinzel, Olaf"]
[Result "1/2-1/2"]
[ECO "D00"]
[WhiteElo "2222"]
[BlackElo "2326"]
[Annotator "NA"]
[PlyCount "128"]
[EventDate "2018.12.27"]
[EventType "swiss"]
[EventCountry "POL"]
[SourceTitle "playchess.com"]
[Source "ChessBase"]
[SourceQuality "1"]
[TimeControl "40/5400+30:1800+30"]

1. d4 d5 2. Bf4 Nf6 3. e3 e6 4. Nf3 Bd6 5. Bg3 Ne4 6. Nbd2 f5 7. Bh4 Be7 8. Bxe7 Qxe7 9. Ne5 O-O 10. c3 Nd7 11. g3 Nxe5 12. dxe5 Bd7 13. Bd3 Be8 14. f4 Qc5 15. Qe2 Qb6 16. O-O-O Nc5 17. Rhg1 Nxd3+ 18. Qxd3 Bb5 19. c4 dxc4 20. Qc3 Rad8 21. Nxc4 Bxc4 22. Qxc4 Qxe3+ 23. Kb1 Qb6 24. Rc1 Rd2 25. Qb3 Qxb3 26. axb3 c6 27. Rc2 Rfd8 28. Rgc1 Kf7 29. Ka2 R8d5 30. b4 R2d4 31. Ka3 Ke7 32. Rc3 Kd7 33. Kb3 Kc7 34. R1c2 Kb6 35. h4 h5 36. Ka3 Re4 37. Rb3 a6 38. Rc1 Kb5 39. Rc2 Rc4 40. Rcc3 Rdd4 41. Rd3 b6 42. Ka2 c5 43. bxc5+ Kxc5 44. Rxd4 Rxd4 45. Rc3+ Rc4 46. Rd3 Ra4+ 47. Kb1 Rd4 48. Rc3+ Kd5 49. Rc7 Rd3 50. Rxg7 b5 51. Kc2 Rf3 52. Ra7 Rxg3 53. Rxa6 Rf3 54. Rd6+ Ke4 55. Rxe6 Kxf4 56. Rg6 Kxe5 57. Rg5 b4 58. Rxh5 Kd4 59. Rh8 b3+ 60. Kc1 f4 61. h5 Rh3 62. h6 Ke3 63. Re8+ Kf2 64. Rh8 Ke2 1/2-1/2

[Event "XXIX Cracovia 2018"]
[Site "Krakow"]
[Date "2019.01.04"]
[Round "9"]
[White "Bus, Konrad"]
[Black "Krishnater Kushager"]
[Result "1/2-1/2"]
[ECO "A05"]
[WhiteElo "2221"]
[BlackElo "2334"]
[Annotator "ChessBase"]
[PlyCount "22"]
[EventDate "2018.12.27"]
[EventType "swiss"]
[EventCountry "POL"]
[SourceTitle "playchess.com"]
[Source "ChessBase"]
[SourceQuality "1"]
[TimeControl "40/5400+30:1800+30"]

1. Nf3 Nf6 2. g3 g6 3. b3 Bg7 4. Bb2 O-O 5. Bg2 d5 6. c4 c6 7. O-O Bg4 8. d3 Nbd7 9. Nbd2 Re8 10. d4 a5 11. a3 Qb6 1/2-1/2

[Event "XXIX Cracovia 2018"]
[Site "Krakow"]
[Date "2019.01.04"]
[Round "9"]
[White "Eggink, Mateusz"]
[Black "Galperin, Platon"]
[Result "0-1"]
[ECO "A45"]
[WhiteElo "2138"]
[BlackElo "2363"]
[Annotator "NA"]
[PlyCount "138"]
[EventDate "2018.12.27"]
[EventType "swiss"]
[EventCountry "POL"]
[SourceTitle "playchess.com"]
[Source "ChessBase"]
[SourceQuality "1"]
[TimeControl "40/5400+30:1800+30"]

1. d4 Nf6 2. Bf4 d5 3. e3 c5 4. c3 Nc6 5. Nd2 Bf5 6. Ngf3 Qb6 7. Qb3 c4 8. Qxb6 axb6 9. Nh4 Be6 $15 {[%emt 0:07:09] LiveBook: 3 Games} 10. a3 b5 11. Rc1 h6 12. Bc7 g5 13. Nhf3 Bf5 14. h3 e6 15. Be2 Nd7 16. g4 Bh7 17. Bd1 f6 18. Bg3 Nb6 19. Bc2 Bxc2 20. Rxc2 b4 21. O-O b3 22. Rcc1 Na4 23. Rb1 Kd7 24. e4 b6 25. Rfe1 Be7 26. exd5 exd5 27. Nf1 Bxa3 28. Ne3 Bxb2 29. Nxd5 Bxc3 30. Nxf6+ Kc8 31. Re6 Nxd4 32. Nxd4 Bxd4 33. Rc6+ Kb7 34. Rc7+ Ka6 35. Rxc4 Nc3 36. Rxb3 Bxf6 37. Rc6 Bd4 38. Be5 Rhc8 39. Rxh6 Bxe5 40. Rhxb6+ Ka5 41. Rb7 Rc5 42. Kg2 Ra6 43. Ra3+ Na4 44. Ra2 Rb5 45. Re7 Bb2 46. Re2 Rbb6 47. Rd2 Kb4 48. Raxb2+ Nxb2 49. Rxb2+ Kc5 50. Rc2+ Kd5 51. Rc3 Kd4 52. Rc8 Rf6 53. Rg8 Ra2 54. Rxg5 Raxf2+ 55. Kg3 R2f3+ 56. Kg2 Rf2+ 57. Kg3 R6f3+ 58. Kh4 Rh2 59. Ra5 Rhxh3+ 60. Kg5 Rh8 61. Ra4+ Ke5 62. Ra5+ Ke6 63. Ra6+ Kd5 64. Ra5+ Ke4 65. Ra4+ Ke3 66. Kg6 Rg8+ 67. Kh7 Rff8 68. Kh6 Rf4 69. Ra3+ Kf2 0-1

[Event "XXIX Cracovia 2018"]
[Site "Krakow"]
[Date "2019.01.04"]
[Round "9"]
[White "Sanz Losada, Victoriano"]
[Black "Naboka, Sergey"]
[Result "0-1"]
[ECO "A80"]
[WhiteElo "2132"]
[BlackElo "2324"]
[Annotator "NA"]
[PlyCount "54"]
[EventDate "2018.12.27"]
[EventType "swiss"]
[EventCountry "POL"]
[SourceTitle "playchess.com"]
[Source "ChessBase"]
[SourceQuality "1"]
[TimeControl "40/5400+30:1800+30"]

1. d4 f5 2. Nc3 d5 3. Bf4 c6 4. Bxb8 Rxb8 5. Qd2 e6 6. e3 Nf6 7. f4 Bb4 8. Bd3 c5 9. dxc5 Bxc5 10. Nf3 O-O 11. Na4 Bd6 12. O-O $17 Qe7 13. Nc3 Bd7 14. Ne2 Ne4 15. Bxe4 fxe4 16. Nfd4 Kh8 17. Ng3 Rbc8 18. a4 a6 19. Qe2 e5 20. fxe5 Bxe5 21. b3 b5 22. axb5 Bxb5 23. Rxf8+ Qxf8 24. c4 dxc4 25. Rf1 Qe8 26. Rc1 Bxd4 27. bxc4 Be5 0-1

[Event "XXIX Cracovia 2018"]
[Site "Krakow"]
[Date "2019.01.04"]
[Round "9"]
[White "Janus, Przemyslaw"]
[Black "Rysaev, Danial"]
[Result "0-1"]
[ECO "E83"]
[WhiteElo "2091"]
[BlackElo "1945"]
[Annotator "NA"]
[PlyCount "68"]
[EventDate "2018.12.27"]
[EventType "swiss"]
[EventCountry "POL"]
[SourceTitle "playchess.com"]
[Source "ChessBase"]
[SourceQuality "1"]
[TimeControl "40/5400+30:1800+30"]

1. d4 Nf6 2. c4 g6 3. Nc3 Bg7 4. e4 O-O 5. f3 d6 6. Be3 Nc6 7. Qd2 a6 8. Bd3 e5 9. d5 Nd4 10. Nge2 Nh5 11. Bc2 Qh4+ 12. Bf2 Nxc2+ 13. Qxc2 Qg5 14. g4 Nf4 15. Nxf4 exf4 16. h4 Qe7 17. g5 b5 18. Ne2 c5 19. dxc6 Be6 20. cxb5 axb5 21. Nd4 Bxa2 22. O-O Bc4 23. Rfd1 Rxa1 24. Rxa1 d5 25. b3 dxe4 26. fxe4 Be6 27. Rd1 Bg4 28. Re1 Qb4 29. Ne2 Be5 30. Qd3 Bc7 31. Kf1 Rd8 32. Qc2 Rd2 33. Qc5 Qxe4 34. Ng3 Bh3+ 0-1

[Event "XXIX Cracovia 2018"]
[Site "Krakow"]
[Date "2019.01.04"]
[Round "9"]
[White "Adamczewski, Maciej"]
[Black "Bakalarz, Leszek"]
[Result "1-0"]
[ECO "A60"]
[WhiteElo "2080"]
[BlackElo "1927"]
[Annotator "NA"]
[PlyCount "66"]
[EventDate "2018.12.27"]
[EventType "swiss"]
[EventCountry "POL"]
[SourceTitle "playchess.com"]
[Source "ChessBase"]
[SourceQuality "1"]
[TimeControl "40/5400+30:1800+30"]

1. d4 Nf6 2. c4 c5 3. d5 e6 4. Nc3 exd5 5. cxd5 d6 6. h3 g6 7. e4 Bg7 8. Nf3 O-O 9. Bd3 b5 10. Nxb5 Nxe4 11. Bxe4 Re8 12. Ng5 f5 13. Ne6 Qa5+ 14. Nc3 Bxc3+ 15. bxc3 fxe4 16. O-O Na6 17. Re1 Bxe6 18. dxe6 Qxc3 19. Bf4 Rxe6 20. Rc1 Qf6 21. Rxe4 Rae8 22. Qb3 Qf5 23. Rxe6 Qxe6 24. Qb7 Nb4 25. Rd1 d5 26. Qxa7 c4 27. Bh6 Qe7 28. Qd4 Qe5 29. a3 Nd3 30. Qa7 g5 31. Rb1 Qf6 32. Rb6 Re1+ {Rb1 Re8 Qd7 Qxf2+} 33. Kh2 Qf4+ {Kh1 Qe5 Rf1 Nf4 Bxg5 Ng6} 1-0

[Event "XXIX Cracovia 2018"]
[Site "Krakow"]
[Date "2019.01.04"]
[Round "9"]
[White "Jankowiak, Tomasz"]
[Black "Romashov, Anton"]
[Result "1-0"]
[ECO "B39"]
[WhiteElo "2070"]
[BlackElo "2076"]
[Annotator "NA"]
[PlyCount "77"]
[EventDate "2018.12.27"]
[EventType "swiss"]
[EventCountry "POL"]
[SourceTitle "playchess.com"]
[Source "ChessBase"]
[SourceQuality "1"]
[TimeControl "40/5400+30:1800+30"]

1. e4 c5 2. Nf3 g6 3. d4 cxd4 4. Nxd4 Bg7 5. c4 Nc6 6. Be3 Nf6 7. Nc3 Ng4 8. Qxg4 Nxd4 9. Qd1 e5 10. Bd3 O-O 11. O-O d6 12. Qd2 Be6 13. Rad1 f5 14. exf5 gxf5 15. Bxd4 exd4 16. Ne2 d5 17. c5 Rc8 18. b4 b6 19. Ba6 Rb8 20. c6 Qd6 21. Rc1 Rf7 22. Nxd4 Bxd4 23. Qxd4 Rc7 24. Rc3 f4 25. Rfc1 Rf8 26. Be2 f3 27. Rxf3 Rxf3 28. Bxf3 Rxc6 29. Rxc6 Qxc6 30. g3 Qc4 31. Qxc4 dxc4 32. Kf1 c3 33. Ke2 Bc4+ 34. Ke3 a5 35. bxa5 bxa5 36. a3 c2 37. Kd2 Bd3 38. Bd5+ Kg7 39. Bb3 1-0